 Dungeon Sprint DCSS version 0.30-a0-371-gad7725a93e (webtiles) character file.

Game seed: 9265212167264326785

61053 mhtbhm the Tortoise (level 14, -23/167 HPs)
             Began as an Armataur Fighter on Nov 21, 2022.
             Was an Initiate of Gozag.
             Killed from afar by a crystal guardian (40 damage)
             ... with a crystal bolt
             ... in the Dungeon (Sprint III: "The Ten Rune Challenge") on Nov 22, 2022.
             The game lasted 00:23:57 (6029 turns).

mhtbhm the Tortoise (Armataur Fighter)              Turns: 6029, Time: 00:23:58

Health: -23/167    AC: 27    Str: 27      XL:     14   Next: 10%
Magic:  14/14      EV: 11    Int:  7 (8)  God:    Gozag
Gold:   2246       SH:  7    Dex: 10      Spells: 13/13 levels left

rFire   . . .      SeeInvis .    a - +4 war axe (flame)
rCold   + + .      Faith    .    c - +0 buckler
rNeg    + + +      Spirit   .    b - +1 scale mail {rC+}
rPois   +          Reflect  .    q - +2 hat
rElec   .          Harm     .    m - +2 cloak {rCorr}
rCorr   +          Roll     +    t - +1 pair of gloves
Will    +....      NoTele   +    (no barding)
Stlth   +++.......               i - amulet of regeneration
HPRegen 1.27/turn                d - ring "Jips" {Drain rPois rC+ rN+++ AC+4}
MPRegen 0.14/turn                w - +4 ring of slaying

@: gold aura
A: large, rugged brown scales 3, deformed body, armoured tail, roll, long
tongue, awkward tongue, claws 1, horns 2, stinger 1, iridescent scales 1, robust
1, screaming 1, shaggy fur 1
}: 1/10 runes: barnacled
a: Renounce Religion, Potion Petition, Call Merchant, Bribe Branch


You were in the Dungeon.
You worshipped Gozag.
Gozag was most pleased with you.
You visited 1 branch You collected 13297 gold pieces.
You spent 4034 gold pieces at shops.
You paid 7017 gold pieces to Gozag.

Inventory:

Hand Weapons
 a - a +4 war axe of flaming (weapon)
 g - a +1 war axe of venom
Missiles
 o - 4 javelins
 p - 7 curare-tipped darts (quivered)
Armour
 b - a +1 scale mail of cold resistance (worn)
 c - a +0 buckler (worn)
 m - a +2 cloak of preservation (worn)
 q - a +2 hat (worn)
 t - a +1 pair of gloves (worn)
Jewellery
 d - the ring "Jips" (left hand) {Drain rPois rC+ rN+++ AC+4}
   (You bought it in a shop in the Dungeon)

   [ring of protection]

   AC:        It affects your AC (+4).
   rC:        It protects you from cold.
   rPois:     It protects you from poison.
   rN:        It renders you almost immune to negative energy.
   Drain:     It drains your maximum health when unequipped.
 i - an amulet of regeneration (around neck)
 w - a +4 ring of slaying (right hand)
Wands
 e - a wand of quicksilver (6)
 l - a wand of flame (23)
Scrolls
 r - 2 scrolls of fear
 s - 2 scrolls of fog
 u - 4 scrolls of poison
 v - a scroll of vulnerability
 x - 7 scrolls of identify
Potions
 h - 3 potions of magic
 k - 4 potions of cancellation
 n - a potion of invisibility
 z - a potion of attraction
 A - a potion of resistance
Miscellaneous
 f - a tin of tremorstones (2/2)


   Skills:
 + Level 18.2 Fighting
 + Level 19.0 Axes
 + Level 19.0 Armour
 + Level 9.7 Dodging
 + Level 11.8 Stealth
 + Level 15.9 Shields
 + Level 5.8 Evocations


You had 13 spell levels left.
You didn't know any spells.
Your spell library contained the following spells:

 Spells                   Type           Power      Damage    Failure   Level
 Cigotuvi's Dreadful Rot  Necr/Pois/Air  0%         N/A       77%         2
 Poisonous Vapours        Pois/Air       0%         N/A       77%         2
 Inner Flame              Hex/Fire       0%         N/A       94%         3
 Mephitic Cloud           Conj/Pois/Air  0%         N/A       94%         3
 Flame Wave               Conj/Fire      0%         2d4       100%        4
 Sticky Flame             Conj/Fire      0%         2d3       100%        4


Dungeon Overview and Level Annotations

Branches:
Dungeon (1/1)

Altars:
Cheibriados
Dithmenos
Elyvilon
Fedhas
Gozag
Hepliaklqana
Kikubaaqudgha
Makhleb
Nemelex Xobeh
Okawaru
Qazlal
Ru
Sif Muna
Trog
Uskayaw
Vehumet
Wu Jian
Xom
Yredelemnul
Zin
The Shining One
Jiyva
Lugonu

Shops:
D ?[?=![?=?:(=[:*[(!(


Innate Abilities, Weirdness & Mutations

You are completely covered in rugged brown scales. (AC +3, +7% HP)
Armour fits poorly on your strangely shaped body.
You have a long armoured tail.
You roll when moving toward enemies. (Rampage)
Your long tongue fully drains potion bottles. (2x potion effects)
Your tongue gives you trouble enunciating. (1.5x scroll delay)
You have sharp fingernails.
You have a pair of horns on your head.
Your tail ends in a venomous barb.
You are partially covered in iridescent scales. (AC +2)
You are robust. (+10% HP)
You occasionally shout uncontrollably at your foes.
You are covered in fur. (AC +1)


Message History

The crystal bolt burns the crystal guardian.
The crystal guardian completely resists.
The crystal bolt burns the crystal guardian.
The crystal guardian completely resists.
The crystal bolt burns you!
* * * LOW HITPOINT WARNING * * *
The crystal bolt burns the crystal guardian.
The crystal guardian completely resists.
The crystal guardian fires a crystalline bolt at you.
The crystal bolt misses you.
The crystal bolt burns the crystal guardian.
The crystal guardian completely resists.
The crystal bolt burns the crystal guardian.
The crystal guardian completely resists.
The crystal bolt misses you.
The crystal bolt burns the crystal guardian.
The crystal guardian completely resists.
You slash the crystal guardian! You headbutt the crystal guardian!
The crystal guardian is almost destroyed.
You hit the crystal guardian but do no damage.
You block the crystal guardian's attack.
The crystal guardian fires a crystalline bolt at you.
The crystal bolt misses you.
The crystal bolt freezes the crystal guardian.
The crystal guardian completely resists.
The crystal bolt freezes the crystal guardian.
The crystal guardian completely resists.
The crystal bolt freezes you. You resist.
* * * LOW HITPOINT WARNING * * *
The crystal bolt freezes the crystal guardian.
The crystal guardian completely resists.
Unknown command.
You completely miss the crystal guardian.
The crystal guardian is almost destroyed.
You slash the crystal guardian! The crystal guardian hits you!
* * * LOW HITPOINT WARNING * * *
The crystal guardian fires a crystalline bolt at you.
The crystal bolt burns you!!!
You die...
Your body crumbles into a pile of gold.

*,~,,* #.#§§.###.#..⌠⌠∩.#.#.#.#
**,,,** #.#§###...#.∩∩∩∩.#.....#
*,****** #.#§#...§.#.∩∩∩∩.#.....#
**~,~,,* #.#§§§.§§.#......#.#.#.'
******,* #.#§.§§.§.###''###..#..#
,,~,~~~* #.§§..§§..#.⌠..⌠.#)....#
,~~~,,,* #########§#......#######
,~,,,,,* #.#.#.#9#§§......#.....'
****∩∩∩* #......@§§§......#.#####
***** #.....§9§§§......#)).'..
*********###+##############...#..
,,~,*,,,***,,,**,*~~~~~~**#####..
,,,~*,,,**,,,,,**+*,~~,~*,#......
,,,,*+***,,,,,,,***,,,,~*,▓'▓▓▓▓▓
,,,,+,,,+,,,,,,,+,,,,,,,,,▓..#^..
,,,,*+***,,,,,,,*****,,~*,▓..#...
,,,~*~~~**,,,,,**^^,**,~*,▓^.#..#


You could see 2 crystal guardians.

Vanquished Creatures
  Sigmund (D)
  Rupert (D)
  A lich (D)
  Gastronok (D)
  2 sphinxes (D)
  Polyphemus (D)
  Ilsuiw (D)
  2 dire elephants (D)
  A deep elf annihilator (D)
  An iron golem (D)
  4 mummy priests (D)
  A merfolk javelineer (D)
  A yaktaur captain (D)
  A fire dragon (D)
  Erolcha (D)
  A centaur warrior (D)
  4 dancing weapons (D)
  4 death yaks (D)
  A satyr (shapeshifter) (D)
  A shock serpent (shapeshifter) (D)
  4 hell knights (D)
  4 orc high priests (D)
  A deep elf knight (D)
  Urug (D)
  2 skeletal warriors (D)
  A sea snake (D)
  An obsidian statue (D)
  A lindwurm (D)
  3 deep elf zephyrmancers (D)
  2 deep elf pyromancers (D)
  3 ugly things (D)
  2 crystal guardians (D)
  2 elephants (D)
  2 black mambas (D)
  A guardian serpent (shapeshifter) (D)
  Edmund (D)
  2 cane toads (D)
  A komodo dragon (D)
  A rime drake (D)
  6 guardian mummies (D)
  3 wandering mushrooms (D)
  4 spriggan defenders (D)
  A queen bee (D)
  2 slime creatures (D)
  8 blink frogs (D)
  3 dream sheep (D)
  2 tyrant leeches (D)
  A shadow (D)
  5 redbacks (D)
  A spatial vortex (D)
  A floating eye (D)
  A swamp drake (D)
  5 two-headed ogres (D)
  A necrophage (D)
  A water elemental (D)
  32 killer bees (D)
  A jelly (D)
  6 orc priests (D)
  Jessica (D)
  2 necromancers (D)
  2 orc wizards (D)
  A kobold demonologist (D)
  3 humans (D)
  A wolf (D)
  10 orcs (D)
  An endoplasm (D)
  2 rats (D)
  A plant (D)
174 creatures vanquished.

Vanquished Creatures (others)
  A wizard (D)
  A bush (D)
  23 plants (D)
25 creatures vanquished.

Grand Total: 199 creatures vanquished

Notes
Turn   | Place    | Note
-------+----------+-------------------------------------------
     0 | D        | mhtbhm the Armataur Fighter began the quest for the Orb.
     0 | D        | Reached XP level 1. HP: 19/19 MP: 1/1
     9 | D        | Noticed Jessica
    14 | D        | Killed Jessica
    15 | D        | Reached skill level 5 in Armour
    15 | D        | Reached XP level 2. HP: 28/28 MP: 2/2
    15 | D        | Reached XP level 3. HP: 35/35 MP: 3/3
    52 | D        | Reached skill level 5 in Shields
   160 | D        | Gained mutation: Your mind is acute. (Int +4, Str/Dex -1)
                  | [potion of mutation]
   160 | D        | Gained mutation: You occasionally lose the ability to drink
                  | potions when taking damage. [potion of mutation]
   160 | D        | Gained mutation: You are vulnerable to cold. (rC-) [potion
                  | of mutation]
   160 | D        | Gained mutation: You are clumsy. (Dex -2) [potion of
                  | mutation]
   160 | D        | Gained mutation: You expend magic power (3 MP) to
                  | strengthen your wands. [potion of mutation]
   161 | D        | Lost mutation: You are vulnerable to cold. (rC-) [potion of
                  | mutation]
   161 | D        | Lost mutation: You occasionally lose the ability to drink
                  | potions when taking damage. [potion of mutation]
   161 | D        | Lost mutation: You are clumsy. (Dex -2) [potion of
                  | mutation]
   161 | D        | Lost mutation: Your mind is acute. (Int +4, Str/Dex -1)
                  | [potion of mutation]
   161 | D        | Gained mutation: Your body sometimes deteriorates upon
                  | taking damage. [potion of mutation]
   161 | D        | Gained mutation: You are partially covered in iridescent
                  | scales. (AC +2) [potion of mutation]
   161 | D        | Gained mutation: You have a pair of small horns on your
                  | head. [potion of mutation]
   161 | D        | Gained mutation: You are clumsy. (Dex -2) [potion of
                  | mutation]
   161 | D        | Lost mutation: You are partially covered in iridescent
                  | scales. (AC +2) [potion of mutation]
   161 | D        | Gained mutation: You passively map a small area around you.
                  | [potion of mutation]
   161 | D        | Gained mutation: You are somewhat resistant to further
                  | mutation. [potion of mutation]
   162 | D        | Lost mutation: You are somewhat resistant to further
                  | mutation. [potion of mutation]
   162 | D        | Lost mutation: Your body sometimes deteriorates upon taking
                  | damage. [potion of mutation]
   162 | D        | Lost mutation: You expend magic power (3 MP) to strengthen
                  | your wands. [potion of mutation]
   162 | D        | Lost mutation: You passively map a small area around you.
                  | [potion of mutation]
   162 | D        | Lost mutation: You have a pair of small horns on your head.
                  | [potion of mutation]
   162 | D        | Lost mutation: You are clumsy. (Dex -2) [potion of
                  | mutation]
   162 | D        | Gained mutation: You have a pair of small horns on your
                  | head. [potion of mutation]
   162 | D        | Gained mutation: You occasionally shout uncontrollably at
                  | your foes. [potion of mutation]
   162 | D        | Gained mutation: You have sharp fingernails. [potion of
                  | mutation]
   162 | D        | Gained mutation: You are partially covered in iridescent
                  | scales. (AC +2) [potion of mutation]
   162 | D        | Gained mutation: You have a pair of horns on your head.
                  | [potion of mutation]
   162 | D        | Gained mutation: You are robust. (+10% HP) [potion of
                  | mutation]
   162 | D        | Gained mutation: You have hidden genetic potential. [potion
                  | of mutation]
   184 | D        | Noticed a water elemental
   187 | D        | HP: 1/39 [water elemental (9)]
   195 | D        | Killed a water elemental
   196 | D        | Reached skill level 5 in Fighting
   196 | D        | Reached XP level 4. HP: 28/49 MP: 4/4
   196 | D        | Gained mutation: You are covered in fur. (AC +1) [hidden
                  | potential]
   294 | D        | Found a radiant altar of Vehumet.
   294 | D        | Found a shimmering blue altar of Sif Muna.
   294 | D        | Found an ancient bone altar of Kikubaaqudgha.
   294 | D        | Noticed a wizard
   306 | D        | Killed a wizard
   307 | D        | Reached XP level 5. HP: 50/56 MP: 5/5
   337 | D        | Found a basalt altar of Yredelemnul.
   337 | D        | Found a shadowy altar of Dithmenos.
   337 | D        | Found a sacrificial altar of Ru.
   346 | D        | Reached skill level 1 in Dodging
   360 | D        | Gained mutation: Your tail ends in a venomous barb. [hidden
                  | potential]
   360 | D        | Lost mutation: You have hidden genetic potential. [hidden
                  | potential expressed]
   369 | D        | Found a hide-covered altar of Uskayaw.
   369 | D        | Found an iron altar of Okawaru.
   370 | D        | Found a bloodstained altar of Trog.
   370 | D        | Found an ornate altar of the Wu Jian Council.
   370 | D        | Noticed a human
   370 | D        | Noticed a human
   380 | D        | Killed a human
   381 | D        | Reached skill level 10 in Armour
   381 | D        | Reached XP level 6. HP: 32/70 MP: 6/6
   386 | D        | Killed a human
   387 | D        | Reached skill level 5 in Axes
   387 | D        | Reached XP level 7. HP: 23/77 MP: 7/7
   588 | D        | Noticed a shadow
   593 | D        | Killed a shadow
   681 | D        | Found a blossoming altar of Fedhas.
   681 | D        | Found a stormy altar of Qazlal.
   681 | D        | Found a snail-covered altar of Cheibriados.
   681 | D        | Found a burning altar of Makhleb.
   681 | D        | Found a shimmering altar of Xom.
   681 | D        | Noticed a spatial vortex
   682 | D        | Found a hazy altar of Hepliaklqana.
   682 | D        | Found an opulent altar of Gozag.
   682 | D        | Found a sparkling altar of Nemelex Xobeh.
   682 | D        | Found a corrupted altar of Lugonu.
   682 | D        | Found a viscous altar of Jiyva.
   692 | D        | Killed a spatial vortex
   696 | D        | Became a worshipper of Gozag Ym Sagoz the Greedy
   770 | D        | Found a glowing silver altar of Zin.
   771 | D        | Found a glowing golden altar of the Shining One.
   771 | D        | Found a white marble altar of Elyvilon.
   771 | D        | Noticed a deep elf pyromancer
   777 | D        | Noticed a fire elemental
   778 | D        | Noticed a fire elemental
   778 | D        | Noticed a fire elemental
   778 | D        | Killed a deep elf pyromancer
   779 | D        | Reached XP level 8. HP: 87/87 MP: 8/8
   824 | D        | HP: 1/130 [two-headed ogre/+0 giant spiked club (25)]
  1101 | D        | Noticed a two-headed ogre
  1124 | D        | Killed a two-headed ogre
  1125 | D        | Reached skill level 1 in Stealth
  1380 | D        | Noticed an orc high priest
  1382 | D        | Noticed a smoke demon
  1384 | D        | Killed an orc high priest
  1385 | D        | Reached skill level 10 in Axes
  1385 | D        | Reached XP level 9. HP: 41/98 MP: 9/9
  1531 | D        | Found Qusch's Magic Scroll Shoppe.
  1604 | D        | Bought a scroll of magic mapping for 75 gold pieces
  1604 | D        | Bought a scroll of identify for 20 gold pieces
  1670 | D        | Bought the ring "Jips" {Drain rPois rC+ rN+++ AC+4} for
                  | 1044 gold pieces
  1671 | D        | Bought an amulet of regeneration for 450 gold pieces
  1678 | D        | Noticed a two-headed ogre
  1678 | D        | Noticed Erolcha
  1684 | D        | Killed a two-headed ogre
  1685 | D        | Reached skill level 1 in Evocations
  1696 | D        | Killed Erolcha
  1697 | D        | Reached skill level 10 in Fighting
  1790 | D        | Noticed a wandering mushroom
  1793 | D        | Noticed a wandering mushroom
  1794 | D        | Noticed a wandering mushroom
  1795 | D        | Killed a wandering mushroom
  1928 | D        | Reached XP level 10. HP: 101/109 MP: 10/10
  1990 | D        | Noticed a deep elf knight
  1990 | D        | Noticed a deep elf zephyrmancer
  1990 | D        | Noticed a deep elf zephyrmancer
  1990 | D        | Noticed a deep elf zephyrmancer
  1990 | D        | Noticed a deep elf pyromancer
  2002 | D        | Killed a deep elf pyromancer
  2016 | D        | Killed a deep elf knight
  2023 | D        | Killed a deep elf zephyrmancer
  2024 | D        | Reached skill level 5 in Dodging
  2025 | D        | Killed a deep elf zephyrmancer
  2026 | D        | Reached skill level 10 in Shields
  2028 | D        | Noticed a deep elf annihilator
  2031 | D        | Killed a deep elf zephyrmancer
  2032 | D        | Noticed a deep elf annihilator
  2035 | D        | Noticed a deep elf death mage
  2040 | D        | HP: 5/112 [deep elf annihilator/crystal spear (57)]
  2046 | D        | Killed a deep elf annihilator
  2047 | D        | Reached skill level 15 in Armour
  2158 | D        | Noticed a deep elf blademaster
  2158 | D        | Noticed a deep elf demonologist
  2160 | D        | Identified the ring of the Frog {*Slow rF+ rC++ Int+4
                  | Dex+3}
  2160 | D        | Noticed a deep elf death mage
  2336 | D        | Reached XP level 11. HP: 120/121 MP: 11/11
  2355 | D        | Reached skill level 5 in Stealth
  2498 | D        | Bought a potion of might for 52 gold pieces
  2498 | D        | Bought a potion of curing for 39 gold pieces
  2502 | D        | Bought a runed cloak for 217 gold pieces
  2740 | D        | Noticed a lindwurm
  2748 | D        | Killed a lindwurm
  2802 | D        | Noticed Urug
  2813 | D        | Killed Urug
  2904 | D        | Reached skill level 15 in Axes
  2950 | D        | Noticed Sigmund
  2950 | D        | Noticed Edmund
  2961 | D        | Killed Edmund
  2968 | D        | Killed Sigmund
  3044 | D        | Reached XP level 12. HP: 134/134 MP: 12/12
  3111 | D        | Found Xatrubly's Antique Armour Emporium.
  3111 | D        | Found Laihiqur's Assorted Antiques.
  3111 | D        | Found Juvveg's Antique Weapon Shoppe.
  3111 | D        | Found Xesk's Jewellery Boutique.
  3111 | D        | Found Toqaibor's Book Emporium.
  3111 | D        | Found Zowkiu's Distillery.
  3111 | D        | Found Xayzadgho's Antique Weapon Emporium.
  3111 | D        | Found Ucaah's Antique Armour Boutique.
  3112 | D        | Found Daluol's Weapon Boutique.
  3112 | D        | Found Gikhlikhlo's Book Shoppe.
  3112 | D        | Found Opec's Magic Scroll Emporium.
  3146 | D        | Bought an embroidered hat for 140 gold pieces
  3154 | D        | Bought a scroll of fear for 56 gold pieces
  3154 | D        | Bought a scroll of fear for 56 gold pieces
  3154 | D        | Bought a scroll of fog for 56 gold pieces
  3154 | D        | Bought a scroll of fog for 56 gold pieces
  3158 | D        | Bought a pair of embroidered gloves for 165 gold pieces
  3165 | D        | Bought a scroll labelled KADOSH LUYPHAY for 18 gold pieces
  3165 | D        | Bought a scroll labelled HIREHE XITAHU for 18 gold pieces
  3171 | D        | Bought a runed hand axe for 132 gold pieces
  3180 | D        | Bought a +4 ring of slaying for 936 gold pieces
  3511 | D        | Noticed a dire elephant
  3511 | D        | Noticed a dire elephant
  3511 | D        | Noticed Gastronok
  3526 | D        | Killed a dire elephant
  3539 | D        | Killed Gastronok
  3546 | D        | Killed a dire elephant
  3610 | D        | Bought a scroll of enchant weapon for 105 gold pieces
  3610 | D        | Bought a scroll of blinking for 105 gold pieces
  3610 | D        | Bought a scroll of brand weapon for 133 gold pieces
  3610 | D        | Bought a scroll of blinking for 105 gold pieces
  3610 | D        | Bought a scroll of fog for 56 gold pieces
  3618 | D        | Noticed an azure jelly
  3618 | D        | Noticed an azure jelly
  3618 | D        | Noticed an azure jelly
  3619 | D        | Noticed an azure jelly
  3621 | D        | Noticed Rupert
  3642 | D        | Killed Rupert
  3759 | D        | Noticed a death yak
  3759 | D        | Noticed a death yak
  3760 | D        | Noticed a death yak
  3765 | D        | Killed a death yak
  3765 | D        | Noticed a death yak
  3768 | D        | Killed a death yak
  3775 | D        | Killed a death yak
  3780 | D        | Killed a death yak
  3799 | D        | Reached skill level 15 in Fighting
  3840 | D        | Noticed Polyphemus
  3859 | D        | Killed Polyphemus
  4026 | D        | Noticed Ilsuiw
  4095 | D        | Killed Ilsuiw
  4096 | D        | Reached XP level 13. HP: 49/148 MP: 13/13
  4211 | D        | Found Disic's Antique Armour Shoppe.
  4218 | D        | Found Ruojuf's Magic Scroll Boutique.
  4219 | D        | Found Qiejimoe's Jewellery Emporium.
  4220 | D        | Noticed a merfolk javelineer
  4244 | D        | Killed a merfolk javelineer
  4353 | D        | Got a barnacled rune of Zot
  4639 | D        | Found the +2 Maxwell's thermic engine {flame, freeze}
  4805 | D        | Noticed a fire dragon
  4814 | D        | Killed a fire dragon
  4815 | D        | Reached skill level 10 in Stealth
  4883 | D        | HP: 7/152 [+1 battleaxe of draining (14)]
  4888 | D        | HP: 5/152 [poisoned by a +2 glaive of venom]
  4893 | D        | HP: 6/152 [poisoned by a +2 glaive of venom]
  5136 | D        | Noticed an iron golem
  5142 | D        | Reached skill level 15 in Shields
  5170 | D        | Killed an iron golem
  5310 | D        | Reached skill level 5 in Evocations
  5407 | D        | Noticed a lich
  5418 | D        | Killed a lich
  5441 | D        | Noticed a sphinx
  5441 | D        | Noticed a sphinx
  5441 | D        | Noticed a mummy priest
  5448 | D        | Paralysed by a sphinx for 2 turns
  5453 | D        | Killed a mummy priest
  5455 | D        | Paralysed by a sphinx for 4 turns
  5459 | D        | Killed a sphinx
  5460 | D        | Killed a sphinx
  5537 | D        | Noticed a mummy priest
  5546 | D        | Killed a mummy priest
  5549 | D        | Reached XP level 14. HP: 110/164 MP: 14/14
  6029 | D        | Killed from afar by a crystal guardian

Illustrated notes

Levels and vault maps discovered:
D:        dungeon_sprint_mu [sprint_mu_entry_forest, sprint_mu_temple_rooms,
          sprint_mu_d1_spiders, sprint_mu_d2_genie, sprint_mu_d3_branching,
          sprint_mu_orc_legion, sprint_mu_elf_gauntlet, sprint_mu_hive_nellie,
          sprint_mu_lair_fedhas, sprint_mu_vaults_butterflies,
          sprint_mu_slime_circle, sprint_mu_swamp_cave, sprint_mu_shoals_archi,
          sprint_mu_blade_basic, sprint_mu_crypt_fortress,
          sprint_mu_tomb_spiral, sprint_mu_vestibule_basic,
          sprint_mu_gehenna_hellfire, sprint_mu_dis_giant,
          sprint_mu_tartarus_statrot, sprint_mu_cocytus_islands, sprint_mu_zot1]

Skill      XL: |  1  2  3  4  5  6  7  8  9 10 11 12 13 14 |
---------------+-------------------------------------------+-----
Fighting       | 4 5 7 8 9 10 11 13 15 17 18 | 18.2
Armour         | 5 7 10 11 12 13 14 15 16 17 18 19 | 19.0
Axes           | 2 3 4 5 7 10 11 13 15 17 18 19 | 19.0
Shields        | 4 6 7 8 9 10 11 13 15 | 15.9
Dodging        | 1 2 3 4 5 6 8 9 |  9.7
Stealth        | 1 2 4 7 8 11 | 11.8
Evocations     | 2 3 4 5 |  5.8

Action                   |  1- 3 |  4- 6 |  7- 9 | 10-12 | 13-15 || total
-------------------------+-------+-------+-------+-------+-------++-------
Melee: War axe           |    29 |    35 |    86 |   361 |   231 ||   742
       Tailslap          |     7 |     6 |    10 |    58 |    38 ||   119
       Headbutt          |     1 |     4 |    28 |    84 |    70 ||   187
Invok: Potion Petition   |       |       |     2 |     3 |     3 ||     8
       Call Merchant     |       |       |     1 |     3 |       ||     4
Evoke: Tin of tremorston |       |       |     3 |     5 |       ||     8
       Wand              |       |       |     1 |     4 |     5 ||    10
  Use: Potion            |     6 |     1 |     2 |     3 |     2 ||    14
       Scroll            |     1 |       |     6 |     8 |     2 ||    17
 Stab: Invisible         |       |       |       |     2 |     2 ||     4
       Distracted        |       |       |       |     6 |     2 ||     8
       Sleeping          |       |       |       |     1 |     5 ||     6
Armor: Scale mail        |    11 |    11 |    17 |   144 |   109 ||   292
Dodge: Dodged            |     8 |     6 |    18 |   141 |    71 ||   244
Block: Buckler           |     7 |     9 |    14 |    75 |    47 ||   152

Table legend: (Time is in decaauts)
 A = Elapsed time spent in this place.
 B = Non-inter-level travel time spent in this place.
 C = Inter-level travel time spent in this place.
 D = Time resting spent in this place.
 E = Time spent auto-exploring this place.
 F = Levels seen in this place.
 G = Mean time per level.
                   A        B        C        D        E       F      G
               +--------+--------+--------+--------+--------+-----+--------+
         Total |   5996 |   5978 |     18 |   3077 |     76 |   1 | 5996.0 |
       Dungeon |   5996 |   5978 |     18 |   3077 |     76 |   1 | 5996.0 |
               +--------+--------+--------+--------+--------+-----+--------+

Top non-repeatable levels by time:
       D: 5996 daAuts
